 Dungeon Crawl Stone Soup version 0.23.2 (webtiles) character file.

Game seed: 9459748759739860660

23 whitewolfNL the Cudgeler (level 2, -1/29 HPs)
             Began as a Troll Berserker on Apr 2, 2019.
             Was a Follower of Trog.
             Slain by a gnoll
             ... wielding a +0 spear
              (4 damage)
             ... while paralysed
             ... on level 1 of the Dungeon.
             The game lasted 00:05:28 (1113 turns).

whitewolfNL the Cudgeler (Troll Berserker)          Turns: 1113, Time: 00:05:29

Health: -1/29      AC:  6    Str: 24    XL:     2   Next: 72%
Magic:  1/1        EV:  1    Int:  3    God:    Trog [*.....]
Gold:   31         SH:  0    Dex:  9    Spells: 1/1 levels left

rFire    . . .     SeeInvis .   a - +0 mace
rCold    . . .     Gourm    +   (no shield)
rNeg     . . .     Faith    .   q - +0 robe
rPois    .         Spirit   .   (helmet restricted)
rElec    .         Reflect  .   (no cloak)
rCorr    .         Harm     .   (gloves unavailable)
MR       .....                  (boots unavailable)
Stlth    +.........             (no amulet)
HPRegen  0.49/turn              i - +2 ring of evasion
MPRegen  0.07/turn              (no ring)

@: paralysed, berserk cooldown, slowed
A: large, unfitting armour, claws 3, fast metabolism 3, gourmand, regeneration
1, shaggy fur 1, tough skin 3
a: Berserk, Renounce Religion


You were on level 1 of the Dungeon.
You worshipped Trog.
Trog was aware of your devotion.
You were full.

You visited 1 branch of the dungeon, and saw 2 of its levels.

You collected 31 gold pieces.

Inventory:

Hand Weapons
 a - a +0 mace (weapon)
 m - a +0 hunting sling
Missiles
 j - 36 stones (quivered)
 l - 21 sling bullets
 n - 29 arrows
 p - 13 bolts
Armour
 q - a +0 robe (worn)
Jewellery
 i - a +2 ring of evasion (left claw)
Scrolls
 d - a scroll of teleportation {unknown}
 g - 3 scrolls of remove curse {unknown}
 h - 2 scrolls of identify {unknown}
Potions
 e - a potion of degeneration {unknown}
 f - 2 potions of might {unknown}
 k - 2 potions of haste {unknown}
Comestibles
 c - 3 rations


   Skills:
 * Level 2.6 Fighting
 * Level 3.1 Maces & Flails
 + Level 2.7 Dodging


You had one spell level left.
You didn't know any spells.
Your spell library was empty.

Dungeon Overview and Level Annotations

Branches:
Dungeon (2/15)

Altars:


Innate Abilities, Weirdness & Mutations

You are too large for most types of armour.
You have claws for hands.
Your metabolism is lightning-fast.
You like to eat raw meat.
Your natural rate of healing is unusually fast.
You are covered in fur. (AC +1)
You have extremely tough skin. (AC +3)


Message History

The gnoll is almost dead.
The gnoll hits you from afar with a +0 spear!
* * * LOW HITPOINT WARNING * * *
The gnoll closely misses you. The gnoll hits you but does no damage.
The goblin hits you but does no damage.
You closely miss the goblin. The gnoll hits you but does no damage.
The gnoll barely misses you. The gnoll completely misses you.
The gnoll barely misses you. The goblin hits you but does no damage.
You climb upwards.
You feel a strong urge to attack something.
You are no longer berserk.
You pass out from exhaustion.
You feel yourself slow down. The gnoll hits you.
* * * LOW HITPOINT WARNING * * *
The gnoll hits you with a +0 whip.
* * * LOW HITPOINT WARNING * * *
The gnoll hits you with a +0 spear.
You die...

##.## #######.##
.........#
#######..# # #..# #
#..################
#
#...##............#
#
#........g..#.....#
#
#.#####..g@.#.....#
##### #.#
#..g)g#.....# ....#
#.# ####'##.....#
###.# #.#
##>##.<...# #.# #.#
#.###.....# #.# #.#
##># #.....#
###.###.# #'##
#'#####
........######..#
#>##
#...........##..#
##.#


You could see 3 gnolls and a goblin.

Vanquished Creatures
  A dart slug (D:1)
  2 leopard geckos (D:1)
  2 goblins (D:1)
  2 hobgoblins (D:1)
  3 kobolds (D:1)
  A ball python (D:1)
  5 bats (D:1)
  2 frilled lizards
  A rat (D:1)
19 creatures vanquished.

Notes
Turn   | Place    | Note
-------+----------+-------------------------------------------
     0 | D:1      | whitewolfNL the Troll Berserker began the quest for the
                  | Orb.
     0 | D:1      | Reached XP level 1. HP: 22/22 MP: 0/0
   365 | D:1      | Reached XP level 2. HP: 29/29 MP: 1/1
   742 | D:1      | Reached skill level 3 in Maces & Flails
  1113 | D:1      | Slain by a gnoll

Skill      XL: |  1  2 |
---------------+-------+-----
Maces & Flails | 3 |  3.1
Fighting       | |  2.6
Dodging        | |  2.7

Action                   || total
-------------------------++-------
Melee: Mace              ||    56
Invok: Berserk           ||     2
  Eat: Chunk             ||    13
Armor: Animal skin       ||    38
       Robe              ||    10
Dodge: Dodged            ||    60
